AoeStats
← Ndrangheta

Arena

508099303Analyzed
3v3 RM · 12d ago on Sep 20, 2026· 29m 42s· 6 players
Game mode
Random Map
Map size
Normal (6 player)
Population
200
Speed
Normal
Resources
Standard
Victory
Conquest
Starting age
Dark Age
Ending age
Imperial Age
RankedLock teamsTeams togetherTeam positionsShared explorationLock speedFull tech treeHidden civsTurbo modeCheats
Victory
Defeat
1504
+9
🇵🇪 Bohemians · Peru
1481
+10
🇦🇷 Lithuanians · Argentina
1362
+16
🇦🇷 Bengalis · Argentina
1403
-14
🇦🇷 Aztecs · Argentina
1371
-12
🇦🇷 Persians · Argentina
1270
-9
Kung Führer
11:01 Feudal Age
14:43 Castle Age
12:32 Double-Bit Axe
12:51 Horse Collar
24:55 Loom
26:09 Wheelbarrow
29:26 Imperial Age
27:52 Forging
27:48 Scale Barding Armor
27:47 Husbandry
27:58 Bloodlines
29:40 Chain Barding Armor
29:55 Iron Casting
Caña con ruda
10:06 Feudal Age
10:27 Feudal Age
14:03 Castle Age
12:15 Double-Bit Axe
12:45 Horse Collar
16:18 Bow Saw
16:51 Loom
23:30 Gold Mining
24:22 Wheelbarrow
28:41 Imperial Age
26:40 Sanctity
Ndrangheta
10:46 Feudal Age
11:38 Loom
14:37 Castle Age
12:59 Double-Bit Axe
13:12 Loom
14:14 Gold Mining
14:10 Horse Collar
15:03 Pikeman
19:48 Fletching
19:58 Padded Archer Armor
20:29 Bow Saw
20:35 Bodkin Arrow
23:56 Elite Skirmisher
25:14 Atonement
26:57 Sanctity
26:48 Fervor
27:54 Redemption
CORP_ALASTOR
9:59 Feudal Age
14:22 Castle Age
12:16 Horse Collar
12:48 Double-Bit Axe
15:31 Bow Saw
17:28 Loom
19:52 Light Cavalry
23:08 Heavy Plow
24:25 Wheelbarrow
25:48 Wheelbarrow
25:35 Bloodlines
25:45 Stone Mining
25:46 Gold Mining
26:31 Scale Barding Armor
26:40 Devotion
27:46 Hand Cart
[LAK] PALADIN 444 𓅃
10:11 Feudal Age
14:13 Castle Age
12:53 Double-Bit Axe
14:28 Loom
19:52 Fletching
21:03 Horse Collar
21:38 Bow Saw
21:11 Horse Collar
21:40 Bodkin Arrow
25:58 Wheelbarrow
28:46 Heavy Plow
CORP_ EuSanAoE
10:18 Feudal Age
14:32 Castle Age
14:51 Loom
23:15 Imperial Age
22:43 Chemistry
24:19 Careening
24:26 Siphons
27:57 Double-Bit Axe
27:52 Horse Collar
28:57 Bow Saw
Connection lost

Rejoining the realm…

Still unreachable

The connection could not be restored.

Session expired

The server has moved on; the page needs a fresh start.